 Dungeon Sprint DCSS version 0.30-a0-802-gb92711bcdf (webtiles) character file.

Game seed: 2368491789389021536

611 BigDaddyOpFi the Demolition Octopus (level 7, -8/54 HPs)
             Began as an Octopode Fighter on Feb 24, 2023.
             Was an Elder of Makhleb.
             Mangled by a ghost moth (15 damage)
             ... in the Dungeon (Sprint VII: "The Pits").
             The game lasted 00:01:09 (747 turns).

BigDaddyOpFi the Demolition Octopus (OpFi)           Turns: 747, Time: 00:01:10

Health: -8/54      AC:  1    Str: 17 (18) XL:     7   Next: 44%
Magic:  14/14      EV: 14    Int:  9 (10) God:    Makhleb [****..]
Gold:   0          SH:  5    Dex:  9 (11) Spells: 6/6 levels left

rFire   . . .      SeeInvis .    a - +0 war axe
rCold   . . .      Faith    .    b - +0 buckler
rNeg    . . .      Spirit   .    (helmet restricted)
rPois   .          Reflect  .    (no amulet)
rElec   .          Harm     .    (no ring)
rCorr   .          Rampage  .    (no ring)
Will    .....      NoTele   +    (no ring)
Stlth   ++                       (no ring)
HPRegen 0.29/turn                (no ring)
MPRegen 0.14/turn                (no ring)
                                 (no ring)
                                 (no ring)

@: no status effects
A: almost no armour, amphibious, 8 rings, camouflage 1, gelatinous body 1,
(nimble swimmer 1), tentacles
a: Renounce Religion, Minor Destruction, Lesser Servant of Makhleb, Major
Destruction


You were in the Dungeon.
You worshipped Makhleb.
Makhleb was greatly pleased with you.
You visited 1 branch

Inventory:

Hand Weapons
 a - a +0 war axe (weapon)
Armour
 b - a +0 buckler (worn)
Scrolls
 i - a scroll of blinking
Potions
 c - a potion of might
 d - 6 potions of curing
 g - 4 potions of magic
 h - 3 potions of berserk rage
 j - 2 potions of invisibility


   Skills:
 + Level 7.0 Fighting
 + Level 6.8 Axes
 + Level 7.0 Dodging
 + Level 7.1 Shields
 * Level 9.7 Invocations


You had 6 spell levels left.
You didn't know any spells.
Your spell library was empty.

Dungeon Overview and Level Annotations

Branches:
Dungeon (1/1)

Altars:
Ashenzari
Cheibriados
Dithmenos
Elyvilon
Fedhas
Gozag
Hepliaklqana
Kikubaaqudgha
Makhleb
Nemelex Xobeh
Okawaru
Qazlal
Ru
Sif Muna
Trog
Uskayaw
Vehumet
Wu Jian
Xom
Yredelemnul
Zin
The Shining One
Jiyva
Lugonu


Innate Abilities, Weirdness & Mutations

You cannot wear most types of armour.
You are amphibious.
You can wear up to eight rings at the same time.
Your skin changes colour to match your surroundings (Stealth+).
Your rubbery body absorbs attacks. (AC +1, EV +1)
((You are camouflaged when in or above water. (Stealth+)))
You have tentacles for arms and can constrict up to eight enemies at once.


Message History

Done waiting.
You open the door.
A crimson imp comes into view.
The crimson imp shouts!
You hit the crimson imp. Your grab misses the crimson imp.
The crimson imp is moderately wounded.
The crimson imp hits you. x2
You barely miss the crimson imp. You grab the crimson imp.
You squeeze the crimson imp.
The crimson imp is lightly wounded.
You constrict the crimson imp. The crimson imp closely misses you.
You hit the crimson imp.
The crimson imp is moderately wounded.
You constrict the crimson imp. The crimson imp closely misses you.
You slash the crimson imp!
You kill the crimson imp!
Makhleb accepts your kill.
You feel better.
Your Fighting skill increases to level 7!
There is an open door here.
You start resting.
HP restored.
You open the door. Something closely misses you. Something hits you!
Deactivating autopickup; reactivate with Ctrl-A.
Something stings you.
You feel dopey.
There is an open door here.
You closely miss something. Your squeeze misses something. Something hits you.
You feel clumsy. Something hits you! You block something's attack.
You feel much better. Something hits you!
You feel clumsy. Something hits you! Something stings you!
* * * LOW HITPOINT WARNING * * *
You feel much better. Something hits you!!
* * * LOW HITPOINT WARNING * * *
You feel weakened. Something hits you but does no damage. Something stings you!
You die...

#.#..÷.....##.......#
#.#........##.......#
#†###########.......#
#.......# #########
#..###..# #......)#
##.###)##+#
#.......#.+
#..###..#@#
#.......'.#
###########


There were no monsters in sight!

Vanquished Creatures
  A fire bat (D)
  2 floating eyes (D)
  An ice beast (D)
  A scorpion (D)
  A crimson imp (D)
  A jelly (D)
  An orc wizard (D)
  An adder (D)
  A river rat (D)
  3 orcs (D)
  2 ball pythons (D)
  A bat (D)
  A hobgoblin (D)
  A ball python skeleton (D)
  A kobold (D)
19 creatures vanquished.

Notes
Turn   | Place    | Note
-------+----------+-------------------------------------------
     0 | D        | BigDaddyOpFi the Octopode Fighter began the quest for the
                  | Orb.
     0 | D        | Reached XP level 1. HP: 16/16 MP: 1/1
    16 | D        | Found a bloodstained altar of Trog.
    16 | D        | Found a shimmering blue altar of Sif Muna.
    16 | D        | Found a viscous altar of Jiyva.
    16 | D        | Found a hazy altar of Hepliaklqana.
    16 | D        | Found an opulent altar of Gozag.
    17 | D        | Found a glowing golden altar of the Shining One.
    17 | D        | Found a glowing silver altar of Zin.
    17 | D        | Found a basalt altar of Yredelemnul.
    17 | D        | Found a shimmering altar of Xom.
    17 | D        | Found an ornate altar of the Wu Jian Council.
    17 | D        | Found a sacrificial altar of Ru.
    17 | D        | Found a stormy altar of Qazlal.
    17 | D        | Found an iron altar of Okawaru.
    17 | D        | Found a sparkling altar of Nemelex Xobeh.
    17 | D        | Found a burning altar of Makhleb.
    17 | D        | Found a blossoming altar of Fedhas.
    17 | D        | Found a white marble altar of Elyvilon.
    17 | D        | Found a shadowy altar of Dithmenos.
    17 | D        | Found a snail-covered altar of Cheibriados.
    18 | D        | Found a radiant altar of Vehumet.
    18 | D        | Found a corrupted altar of Lugonu.
    19 | D        | Found an ancient bone altar of Kikubaaqudgha.
    19 | D        | Found a hide-covered altar of Uskayaw.
    19 | D        | Found a broken altar of Ashenzari.
    25 | D        | Became a worshipper of Makhleb the Destroyer
   158 | D        | Noticed a floating eye
   162 | D        | Reached * piety under Makhleb
   162 | D        | Paralysed by a floating eye for 2 turns
   165 | D        | Killed a floating eye
   166 | D        | Reached skill level 5 in Invocations
   166 | D        | Reached XP level 2. HP: 18/23 MP: 1/5
   166 | D        | Reached XP level 3. HP: 22/28 MP: 1/6
   166 | D        | Reached XP level 4. HP: 27/34 MP: 1/7
   167 | D        | Reached XP level 5. HP: 30/38 MP: 1/9
   241 | D        | Noticed a floating eye
   248 | D        | Noticed an ice beast
   249 | D        | Killed a floating eye
   249 | D        | Reached ** piety under Makhleb
   250 | D        | Reached skill level 5 in Fighting
   250 | D        | Reached skill level 5 in Axes
   250 | D        | Reached skill level 5 in Dodging
   250 | D        | Reached skill level 5 in Shields
   250 | D        | Reached skill level 7 in Invocations
   255 | D        | Reached XP level 6. HP: 39/46 MP: 9/11
   267 | D        | Killed an ice beast
   268 | D        | Reached skill level 8 in Invocations
   481 | D        | Noticed a fire bat
   488 | D        | Reached *** piety under Makhleb
   499 | D        | Killed a fire bat
   500 | D        | Reached skill level 9 in Invocations
   500 | D        | Reached XP level 7. HP: 46/53 MP: 13/13
   510 | D        | Reached **** piety under Makhleb
   747 | D        | Mangled by a ghost moth

Illustrated notes

Levels and vault maps discovered:
D:        pitsprint [storerooms_1, entrance_room_1, metal_vault_8, armoury_2,
          mini_pit_1, grid_room_1, main_hall_1, silver_pit, the_coven_1,
          the_vestibule_1, steel_vault_1, golden_pit, hallway_of_sentries,
          crystal_vault_3, iron_vault_2, final_vault]

Skill      XL: |  1  2  3  4  5  6  7 |
---------------+----------------------+-----
Fighting       | 4 5 6 7 |  7.0
Axes           | 4 5 6 |  6.8
Dodging        | 4 5 6 7 |  7.0
Shields        | 4 5 6 7 |  7.1
Invocations    | 5 7 9 |  9.7

Action                     |  1- 3 |  4- 6 |  7- 9 || total
---------------------------+-------+-------+-------++-------
  Melee: War axe           |     6 |    26 |    23 ||    55
         Constrict         |     2 |     6 |     3 ||    11
         Tentacles         |     2 |     4 |     2 ||     8
         Punch             |       |     1 |       ||     1
    Use: Potion            |       |     4 |     3 ||     7
   Stab: Sleeping          |       |       |     1 ||     1
 Armour: Skin              |     2 |       |     1 ||     3
  Dodge: Dodged            |     7 |    18 |    15 ||    40
  Block: Buckler           |     4 |    10 |     3 ||    17

Table legend: (Time is in decaauts)
 A = Elapsed time spent in this place.
 B = Non-inter-level travel time spent in this place.
 C = Inter-level travel time spent in this place.
 D = Time resting spent in this place.
 E = Time spent auto-exploring this place.
 F = Levels seen in this place.
 G = Mean time per level.
                   A        B        C        D        E       F      G
               +--------+--------+--------+--------+--------+-----+--------+
         Total |    748 |    727 |     21 |    542 |      0 |   1 |  748.0 |
       Dungeon |    748 |    727 |     21 |    542 |      0 |   1 |  748.0 |
               +--------+--------+--------+--------+--------+-----+--------+

Top non-repeatable levels by time:
       D: 748 daAuts
